 Dungeon Crawl Stone Soup version bcrawl-1.19-7-g22fd707d3b (webtiles) character file.

Game seed: 10156783737357745559

73 Mrkan the Skirmisher (level 4, -1/41 HPs)
             Began as a Hill Orc Fighter on Nov 16, 2019.
             Slain by Crazy Yiuf
             ... wielding a +3 quarterstaff of chaos
              (2 damage)
             ... on level 2 of the Dungeon.
             The game lasted 00:02:23 (1599 turns).

Mrkan the Skirmisher (Hill Orc Fighter)             Turns: 1599, Time: 00:02:24

Health: -1/41      AC:  9    Str: 19    XL:     4   Next: 27%
Magic:  4/4        EV:  5    Int:  8    God:
Gold:   285        SH:  9    Dex: 10    Spells: 3/3 levels left

rFire    . . .     SeeInvis .   a - +0 war axe
rCold    . . .     Gourm    .   c - +0 shield
rNeg     . . .     Faith    .   p - +0 chain mail
rPois    .         Spirit   .   (no helmet)
rElec    .         Reflect  .   (no cloak)
rCorr    .         Harm     .   (no gloves)
MR       .....                  (no boots)
Stlth    ..........             (no amulet)
HPRegen  0.13/turn              (no ring)
MPRegen  0.09/turn              (no ring)

@: very slightly contaminated, slowed, lightly drained, invisible, very slow
A: no striking features
a: no special abilities


You were on level 2 of the Dungeon.
You were not hungry.

You visited 1 branch of the dungeon, and saw 2 of its levels.

You collected 285 gold pieces.

Inventory:

Hand Weapons
 a - a +0 war axe (weapon)
Armour
 c - a +0 shield (worn)
 p - a +0 chain mail (worn)
Scrolls
 e - 2 scrolls of remove curse {unknown}
 h - 4 scrolls of identify {unknown}
 k - a scroll of immolation {unknown}
 m - a scroll of teleportation {unknown}
Potions
 d - 2 potions of might
 g - a potion of mutation {unknown}
 i - a potion of curing {unknown}
 j - a potion of invisibility {unknown}
 l - a potion of haste {unknown}
 o - a potion of berserk rage {unknown}
Comestibles
 f - 6 rations {!d}


   Skills:
 * Level 4.7(4.2) Fighting
   Level 4.7(4.2) Short Blades
   Level 4.7(4.2) Long Blades
   Level 4.7(4.2) Axes
   Level 4.7(4.2) Maces & Flails
   Level 4.7(4.2) Polearms
   Level 4.7(4.2) Staves
 + Level 3.9(3.3) Armour
 + Level 3.9(3.3) Shields
   Level 4.7(4.2) Unarmed Combat


You had 3 spell levels left.
You didn't know any spells.
Your spell library was empty.

Dungeon Overview and Level Annotations

Branches:
Dungeon (2/12)

Altars:
Zin

Annotations:
D:2 Crazy Yiuf


Message History

Crazy Yiuf is lightly wounded.
Crazy Yiuf hits you with a +3 quarterstaff of chaos.
You are electrocuted!
* * * LOW HITPOINT WARNING * * *
You block Crazy Yiuf's attack.
You hit Crazy Yiuf.
Crazy Yiuf is heavily wounded.
Crazy Yiuf whimpers, "Earwax mumblescurry horse!"
You block Crazy Yiuf's attack.
Crazy Yiuf hits you with a +3 quarterstaff of chaos.
* * * LOW HITPOINT WARNING * * *
You fade into invisibility!
You are very lightly contaminated with residual magic.
All of the chunks of flesh in your inventory have rotted away.
You catch the helpless Crazy Yiuf completely off-guard!
You hit Crazy Yiuf but do no damage.
Crazy Yiuf is heavily wounded.
Crazy Yiuf says, "Crazy?
Crazy!?
PORCUPINE!"
Crazy Yiuf hits you with a +3 quarterstaff of chaos.
You die...

#.# #+..+# #...##...)..
###.######## #....# #...........
...........# ##...# #....>......
...........# ##.## #.....######
รทรท#.######## ##.# #.###...###
#(...#####.# #.## #.# ###...##
###........# ##.# #.## ###..#
#........# #.## #..#######..
###........# #@# ##.#......##
...........# #.g.# ##...##.####
.###.......# #...# #...........
.# #.......# #)..# #.#.##.####.
.# #.......# ##### ###.##.##...
.# #.......# #...#.......
.###.......###########..#..#.....
...........(.........##.#.##.....
......(........####.......##.....


You could see Crazy Yiuf.

Vanquished Creatures
  2 oozes
  2 worms (D:2)
  2 dart slugs (D:2)
  2 leopard geckos (D:2)
  A ball python (D:2)
  7 bats
  2 giant cockroaches
  4 goblins
  6 hobgoblins
  6 jackals
  9 kobolds
  3 frilled lizards
  6 rats
52 creatures vanquished.

Notes
Turn   | Place    | Note
-------+----------+-------------------------------------------
     0 | D:1      | Mrkan the Hill Orc Fighter began the quest for the Orb.
     0 | D:1      | Reached XP level 1. HP: 20/20 MP: 1/1
   171 | D:1      | Reached XP level 2. HP: 16/27 MP: 2/2
   406 | D:1      | Reached XP level 3. HP: 31/34 MP: 3/3
   915 | D:2      | Found a runed door.
  1364 | D:2      | Reached XP level 4. HP: 40/41 MP: 4/4
  1482 | D:2      | Found a glowing silver altar of Zin.
  1589 | D:2      | Noticed Crazy Yiuf
  1598 | D:2      | HP: 1/41 [Crazy Yiuf/+3 quarterstaff of chaos (4)]
  1599 | D:2      | Slain by Crazy Yiuf

Action                   |  1- 3 |  4- 6 || total
-------------------------+-------+-------++-------
Melee: War axe           |   119 |    22 ||   141
 Stab: Invisible         |       |     1 ||     1
  Eat: Chunk             |     2 |       ||     2
Armor: Scale mail        |    62 |       ||    62
       Chain mail        |    12 |     5 ||    17
Dodge: Dodged            |    48 |     3 ||    51
Block: Shield            |    70 |    14 ||    84
